 Dungeon Crawl Stone Soup version 0.30-a0-377-g5cb311bc9f (webtiles) character file.

Game seed: 15240530166055658925

1141 Chaicat the Trooper (level 8, 0/73 HPs)
             Began as a Minotaur Fighter on Nov 28, 2022.
             Slain by a black bear (3 damage)
             ... on level 6 of the Dungeon.
             The game lasted 00:15:20 (3958 turns).

Chaicat the Trooper (Minotaur Fighter)              Turns: 3958, Time: 00:15:21

Health: 0/73       AC: 13    Str: 23    XL:     8   Next: 14%
Magic:  8/8        EV:  9    Int: 11    God:
Gold:   108        SH:  6    Dex: 10    Spells: 7/7 levels left

rFire   + . .      SeeInvis .    y - +3 hand axe (vorpal)
rCold   + . .      Faith    .    c - +1 buckler
rNeg    . . .      Spirit   .    b - +0 scale mail
rPois   .          Reflect  .    (helmet restricted)
rElec   .          Harm     .    z - scarf {rC+ rF+}
rCorr   .          Rampage  .    (no gloves)
Will    .....                    r - +0 pair of boots {Fly}
Stlth   ..........               (no amulet)
HPRegen 0.32/turn                e - +4 ring of protection
MPRegen 0.11/turn                u - +6 ring of intelligence

@: flying, studying Invocations
A: horns 2, retaliatory headbutt
a: no special abilities


You were on level 6 of the Dungeon.
You visited 1 branch of the dungeon, and saw 6 of its levels.

You collected 383 gold pieces.
You spent 275 gold pieces at shops.

Inventory:

Hand Weapons
 a - a +0 war axe
 y - a +3 vorpal hand axe (weapon)
Armour
 b - a +0 scale mail (worn)
 c - a +1 buckler (worn)
 r - a +0 pair of boots of flying (worn)
 w - a +0 plate armour
 z - a scarf of resistance (worn)
Jewellery
 e - a +4 ring of protection (left hand)
 g - a ring of wizardry
 s - a ring of protection from fire
 u - a +6 ring of intelligence (right hand)
 v - a ring of positive energy
Wands
 m - a wand of iceblast (4)
 p - a wand of quicksilver (8)
Scrolls
 h - 2 scrolls of teleportation
 t - a scroll of fog
 x - a scroll of enchant armour
Potions
 d - 2 potions of might
 f - 2 potions of magic
 i - a potion of degeneration {unknown}
 j - a potion of flight {unknown}
 k - 2 potions of haste {unknown}
 l - 5 potions of curing
 n - a potion of invisibility {unknown}
 o - a potion of heal wounds {unknown}
 q - 2 potions of brilliance {unknown}


   Skills:
 * Level 7.3 Fighting
 * Level 6.6 Axes
 * Level 7.2 Armour
 - Level 5.0 Shields
 + Level 1.8 Invocations


You had 7 spell levels left.
You didn't know any spells.
Your spell library contained the following spells:

 Spells                   Type           Power      Damage    Failure   Level
 Blink                    Tloc           0%         N/A       85%         2
 Momentum Strike          Conj/Tloc      0%         3d8       85%         2
 Lesser Beckoning         Tloc           0%         N/A       97%         3
 Animate Armour           Summ/Erth      0%         N/A       100%        4
 Blade Hands              Tmut           0%         N/A       100%        5
 Iron Shot                Conj/Erth      0%         9d1       100%        6


Dungeon Overview and Level Annotations

Branches:
Dungeon (6/15)
 Temple: D:4-7

Altars:
Cheibriados

Shops:
D:1 *   D:4 **(?(

Annotations:
D:4 2 transporters, qeuew's ghost, amateur TrMo


Innate Abilities, Weirdness & Mutations

You have a pair of horns on your head.
You reflexively headbutt those who attack you in melee.


Message History

The black bear growls angrily.
A black bear is nearby!
Your attacks no longer feel as feeble.
Found a glowing chain mail.
You are too injured to fight recklessly!
You closely miss the black bear.
The black bear bites you but does no damage.
The black bear closely misses you. The black bear barely misses you.
You slash the black bear!
The black bear is heavily wounded.
The black bear bites you but does no damage.
The black bear claws you but does no damage.
The black bear closely misses you.
You slash the black bear!
The black bear is severely wounded.
The black bear goes berserk!
You barely miss the black bear. Your headbutt misses the black bear.
The black bear is severely wounded.
You hear the slow hiss of a very distant avalanche of sand.
The black bear bites you.
* * * LOW HITPOINT WARNING * * *
The black bear claws you but does no damage.
The black bear barely misses you.
You hit the black bear. Your headbutt misses the black bear.
The black bear is almost dead.
The black bear bites you!
* * * LOW HITPOINT WARNING * * *
The black bear claws you but does no damage.
You block the black bear's attack. The black bear bites you.
* * * LOW HITPOINT WARNING * * *
You block the black bear's attack.
The black bear claws you but does no damage.
You feel better.
The black bear bites you but does no damage.
The black bear claws you but does no damage.
You block the black bear's attack. The black bear bites you!
* * * LOW HITPOINT WARNING * * *
The black bear claws you but does no damage.
The black bear claws you.
You die...

#......#.....#...... #..#..#
....)..............## ##..#..#
.(........# #[.!....# #......#
.........## #......## #.....#
.#.......+ #....#.####.....###
####.)...+ #......†...........
###......+ ##.........##.......
#........## ##..........)#.......
..........###...@h.##.....!......
#..................##...........(
####..#.............#..........)≈
##..###.<....................≈
#####.#.#..............#....≈
#.###........~~~..##....≈ ..
#..#....~≈≈≈~##.##..≈ ...
#.####..~≈.~~_#. ##.≈ .... ....
#...~≈≈≈~### #.≈


You could see a black bear (berserk).

Vanquished Creatures
  Grinder (D:4)
  A water moccasin (D:5)
  2 ice beasts
  A phantom (D:5)
  A scorpion (D:6)
  A gnoll sergeant (D:6)
  2 orc priests (D:3)
  A gnoll bouda (D:5)
  A hound (D:6)
  An iguana (D:5)
  2 orc wizards
  8 gnolls
  7 adders
  2 ufetubi
  6 worms
  A dart slug (D:6)
  14 orcs
  11 ball pythons
  3 bats (D:1)
  7 endoplasms
  2 giant cockroaches (D:2)
  13 goblins
  6 hobgoblins
  8 jackals
  6 kobolds
  3 quokkas
  4 frilled lizards
  7 rats
122 creatures vanquished.

Vanquished Creatures (others)
  2 plants (D:3)
2 creatures vanquished.

Grand Total: 124 creatures vanquished

Notes
Turn   | Place    | Note
-------+----------+-------------------------------------------
     0 | D:1      | Chaicat the Minotaur Fighter began the quest for the Orb.
     0 | D:1      | Reached XP level 1. HP: 19/19 MP: 0/0
   146 | D:1      | Reached XP level 2. HP: 17/27 MP: 1/1
   292 | D:1      | Found a faded altar of an unknown god.
   522 | D:1      | Found Qysotidd's General Store.
   702 | D:2      | Reached XP level 3. HP: 33/33 MP: 2/2
   905 | D:2      | Reached XP level 4. HP: 34/41 MP: 3/3
  1638 | D:3      | Reached XP level 5. HP: 25/47 MP: 4/4
  1905 | D:3      | Reached skill level 5 in Fighting
  1906 | D:3      | Reached skill level 5 in Armour
  1911 | D:3      | Reached skill level 5 in Shields
  2189 | D:4      | Found Jimicvy's Assorted Antiques.
  2199 | D:4      | Found Mugaikicka's General Store.
  2222 | D:4      | Noticed Grinder
  2223 | D:4      | Found Guedgh's Antique Weapon Emporium.
  2242 | D:4      | Killed Grinder
  2243 | D:4      | Reached XP level 6. HP: 28/57 MP: 5/5
  2428 | D:4      | Reached skill level 5 in Axes
  2546 | D:4      | Found Ihuasieto's Magic Scroll Emporium.
  2549 | D:4      | Found Laicziu's Weapon Shop.
  2557 | D:4      | Noticed an ice beast
  2564 | D:4      | Killed an ice beast
  2565 | D:4      | Reached XP level 7. HP: 63/63 MP: 6/6
  2732 | D:4      | Found a transporter.
  2736 | D:4      | Noticed qeuew's ghost (amateur TrMo)
  2737 | D:4      | Found a transporter.
  2836 | D:4      | Bought a pair of glowing boots for 165 gold pieces
  2836 | D:4      | Bought a garnet ring for 110 gold pieces
  2863 | D:5      | Entered Level 5 of the Dungeon
  3799 | D:6      | Found a snail-covered altar of Cheibriados.
  3828 | D:6      | Reached skill level 1 in Invocations
  3855 | D:6      | Reached XP level 8. HP: 41/73 MP: 7/7
  3957 | D:6      | HP: 2/73 [black bear (5)]
  3958 | D:6      | Slain by a black bear

Illustrated notes

Levels and vault maps discovered:
D:1:      lemuel_arrival_broad_hall, layout_loops_cross,
          ebering_ecumenical_altar_petrified, serial_shops,
          nicolae_shop_behind_doors
D:2:      layout_basic, supply_closet_lemuel, minmay_domino_4
D:3:      corexii_shack_village, layout_rooms, nicolae_titane
D:4:      layout_rooms, gammafunk_ghost_mausoleum, serial_shops, shop, shop,
          shop_coins, nicolae_shop_competitors_out_of_business,
          nicolae_shop_hallway_plus, uniq_grinder
D:5:      layout_loops_ring, minmay_manual_moon
D:6:      layout_cave_pools, kennysheep_slug_shrine, temple_hall,
          serial_gnoll_camp, gnoll_camp_mini_shop, gnoll_camp_mini_loothouse,
          gnoll_camp_huts_moat, grums_kennel, gup_ossuary_entry_pyramid,
          corexii_hall_statues_u

Skill      XL: |  1  2  3  4  5  6  7 |
---------------+----------------------+-----
Fighting       | 4 5 6 7 |  7.3
Shields        | 4 5 |  5.0
Armour         | 4 5 7 |  7.2
Axes           | 3 4 5 6 |  6.6
Invocations    | 1 |  1.8

Action                   |  1- 3 |  4- 6 |  7- 9 || total
-------------------------+-------+-------+-------++-------
Melee: War axe           |    88 |   134 |    47 ||   269
       Headbutt          |    11 |    22 |    14 ||    47
       Hand axe          |       |       |    40 ||    40
  Use: Scroll            |     3 |     7 |       ||    10
       Potion            |       |     1 |     2 ||     3
Armor: Scale mail        |    70 |    81 |    63 ||   214
Dodge: Dodged            |    33 |    63 |    37 ||   133
Block: Buckler           |    22 |    44 |    29 ||    95

Table legend: (Time is in decaauts)
 A = Elapsed time spent in this place.
 B = Non-inter-level travel time spent in this place.
 C = Inter-level travel time spent in this place.
 D = Time resting spent in this place.
 E = Time spent auto-exploring this place.
 F = Levels seen in this place.
 G = Mean time per level.
                   A        B        C        D        E       F      G
               +--------+--------+--------+--------+--------+-----+--------+
         Total |   4051 |   3787 |    264 |    253 |   2626 |   6 |  675.2 |
       Dungeon |   4051 |   3787 |    264 |    253 |   2626 |   6 |  675.2 |
               +--------+--------+--------+--------+--------+-----+--------+

Top non-repeatable levels by time:
     D:5: 904 daAuts
     D:2: 835 daAuts
     D:3: 737 daAuts
     D:1: 687 daAuts
     D:4: 683 daAuts
     D:6: 203 daAuts
